 Dungeon Crawl Stone Soup version 0.28-a0-1395-g4f6bc678fa (webtiles) character file.

Game seed: 5903312196204936214

317 MacCMillion the Summoner (level 6, 0/24 HPs)
             Began as a Felid Summoner on Jan 4, 2022.
             Was an Initiate of Gozag.
             Shot with an arrow by a centaur (13 damage)
             ... on level 7 of the Dungeon.
             The game lasted 00:46:17 (8944 turns).

MacCMillion the Summoner (Felid Summoner)           Turns: 8944, Time: 00:46:18

Health: 0/24       AC:  2    Str:  4    XL:     6   Next: 20%
Magic:  12/13      EV: 17    Int: 18    God:    Gozag
Gold:   518        SH:  0    Dex: 17    Spells: 2/13 levels left
                                        Lives:  0   Deaths: 2

rFire   . . .      SeeInvis +   (weapon unavailable)
rCold   . . .      Faith    .   (shield unavailable)
rNeg    . . .      Spirit   .   (armour unavailable)
rPois   .          Reflect  .   (helmet unavailable)
rElec   .          Harm     .   (cloak unavailable)
rCorr   +          Rampage  .   (gloves unavailable)
Will    .....                   (boots unavailable)
Stlth   ++........              (no amulet)
HPRegen 0.08/turn               a - ring of resist corrosion
MPRegen 0.13/turn               (no ring)

@: quick
A: very small, claws 1, fangs 3, see invisible, speed 1, shaggy fur 2, stealthy
paws, no weapons or thrown items, no armour, multi-lived
a: Renounce Religion, Potion Petition, Call Merchant, Bribe Branch


You were on level 7 of the Dungeon.
You worshipped Gozag.
Gozag was pleased with you.
You visited 1 branch of the dungeon, and saw 7 of its levels.

You collected 580 gold pieces.
You paid 62 gold pieces to Gozag.

Inventory:

Jewellery
 a - a ring of resist corrosion (left paw)
 o - the amulet "Gathrisob" {RegenMP rPois rF- Will++}
   (You found it on level 4 of the Dungeon)

   [amulet of magic regeneration]

   It increases your rate of magic regeneration.
   rF:        It makes you vulnerable to fire.
   rPois:     It protects you from poison.
   Will:      It greatly increases your willpower.
 r - an amulet of regeneration
 s - a ring of flight
Wands
 g - a wand of iceblast (14)
Scrolls
 c - a scroll of enchant weapon {unknown}
 d - 2 scrolls of vulnerability {unknown}
 i - 2 scrolls of teleportation {unknown}
 m - a scroll of fog {unknown}
 n - a scroll of brand weapon {unknown}
 p - a scroll of enchant armour {unknown}
 t - a scroll of immolation {unknown}
 u - a scroll of amnesia {unknown}
 v - a scroll of identify
Potions
 e - 2 potions of heal wounds
 f - a potion of ambrosia
 h - 3 potions of mutation
 j - a potion of attraction {unknown}
 k - a potion of might {unknown}
 l - 2 potions of degeneration {unknown}
 q - a potion of lignification {unknown}


   Skills:
 - Level 2.7 Dodging
 - Level 2.7 Stealth
 - Level 4.1 Spellcasting
 - Level 5.0 Hexes
 + Level 8.0 Summonings
 * Level 2.5 Air Magic


You had 2 spell levels left.
You knew the following spells:

 Your Spells              Type           Power      Damage    Failure   Level
a - Summon Small Mammal   Summ           100%       N/A       1%          1
b - Summon Lightning Spi  Summ/Air       22%        N/A       17%         4
c - Call Canine Familiar  Summ           32%        N/A       1%          3
d - Summon Guardian Gole  Hex/Summ       27%        N/A       3%          3

Your spell library contained the following spells:

 Spells                   Type           Power      Damage    Failure   Level
 Slow                     Hex            84%        N/A       1%          1
 Call Imp                 Summ           32%        N/A       1%          2
 Confusing Touch          Hex            21%        N/A       5%          3
 Vampiric Draining        Necr           3%         2d6       41%         3


Dungeon Overview and Level Annotations

Branches:
Dungeon (7/15)             Temple (0/1) D:7

Altars:
Gozag
Uskayaw

Shops:
D:5 *

Annotations:
D:2 Natasha, Sigmund
D:5 1 runed translucent door, Crazy Yiuf
D:7 exclusion: 2 orc priests


Innate Abilities, Weirdness & Mutations

You have sharp claws.
You have razor-sharp teeth.
You have supernaturally acute eyesight. (SInv)
You cover ground quickly. (Speed+)
You are covered in thick fur. (AC +2)
Your paws help you pounce on unaware monsters.
You are incapable of wielding weapons or throwing items.
You cannot wear armour.
You gain extra lives every three experience levels.


Message History

An orc comes into view. It is wielding a +0 hand axe.
Found 2 orange potions.
You swap places.
An orc priest comes into view. It is wielding a +0 hand axe.
What are your orders? t - Meow!
Orders for allies: a - Attack new target. r - Retreat! s - Stop attacking. g - Guard the area. f - Follow me.
Anything else - Cancel.
Okay, then.
What are your orders? t - Meow!
Orders for allies: a - Attack new target. r - Retreat! s - Stop attacking. g - Guard the area. f - Follow me.
Anything else - Cancel.
Retreat in which direction?
Press: ? - help, Dir - move target Fall back!
The orc hits you with a +0 hand axe.
The centaur unwields a +0 shortbow.
The centaur hits your guardian golem.
The centaur kicks your guardian golem but does no damage.
The centaur hits you.
The centaur kicks you but does no damage.
The centaur hits you. The centaur kicks you. The centaur closely misses you.
The centaur barely misses you.
You barely miss the centaur.
The centaur is moderately wounded.
The orc hits you with a +0 hand axe. The centaur closely misses you.
The centaur misses you.
As you read the scroll of fear, it crumbles to dust.
You assume a fearsome visage.
The orc looks frightened!
The centaur looks frightened!
The centaur looks desperately for an escape route.
The centaur shouts!
The centaur wields a +0 shortbow.
The centaur shoots an arrow.
The arrow hits you!
Ouch! That really hurt!
You die...
Your body crumbles into a pile of gold.

#...##
#.###.#######
#.#.. #....# #.#
#.##########....
#....# #.#
#........).....#
####.# #.#
#############..#
#.# #.# #..# #.#
#.# #..# #.#
##.###### #..#
#$####...#...#
#..#
#......#.@...#
#..#
######...#...#
#...
#...##.#######
####
#.#....9.....#
#c..##.#####.#
######.# #.# #.#
#.# #.# #.o.#
#.# #.###.#


You could see a centaur (ally target) and a friendly guardian golem (summoned).

Vanquished Creatures
  An adder skeleton (D:4)
  2 bats (D:1)
3 creatures vanquished.

Vanquished Creatures (collateral kills)
  2 ice beasts
  A wight (D:7)
  A centaur zombie (D:6)
  A hound (D:5)
  A bullfrog skeleton (D:7)
  A centaur skeleton (D:4)
  2 iguanas (D:6)
  5 orc wizards
  A killer bee zombie (D:7)
  6 gnolls
  5 adders
  A white imp (D:7)
  2 ufetubi
  An adder skeleton (D:4)
  2 worms (D:3)
  A dart slug (D:1)
  31 orcs
  5 endoplasms
  3 giant cockroaches
  7 goblins
  5 hobgoblins
  4 jackals (D:3)
  3 quokkas
  7 ball pythons
  2 bats
  2 frilled lizards
  4 kobolds
  2 rats (D:1)
108 creatures vanquished.

Vanquished Creatures (others)
  An ogre (D:7)
  3 wights (D:7)
  Natasha (D:2)
  A gnoll (D:4)
  2 plants (D:1)
8 creatures vanquished.

Grand Total: 119 creatures vanquished

Notes
Turn   | Place    | Note
-------+----------+-------------------------------------------
     0 | D:1      | MacCMillion the Felid Summoner began the quest for the Orb.
     0 | D:1      | Reached XP level 1. HP: 7/7 MP: 4/4
   551 | D:1      | Reached XP level 2. HP: 11/11 MP: 3/6
   697 | D:1      | Found a faded altar of an unknown god.
  1201 | D:2      | Noticed Sigmund
  1290 | D:2      | Reached XP level 3. HP: 14/14 MP: 5/8
  1500 | D:2      | You fall into a shaft and drop 2 floors!
  1918 | D:3      | Found a hide-covered altar of Uskayaw.
  1965 | D:3      | Reached XP level 4. HP: 18/18 MP: 9/9
  1975 | D:3      | Learned a level 3 spell: Call Canine Familiar
  2529 | D:2      | Reached skill level 5 in Summonings
  2565 | D:2      | Learned a level 3 spell: Summon Guardian Golem
  2591 | D:2      | Noticed Natasha
  2617 | D:2      | Killed Natasha
  2933 | D:2      | Noticed Natasha
  3174 | D:3      | Reached skill level 1 in Hexes
  3181 | D:3      | Reached XP level 5. HP: 21/21 MP: 9/11
  3639 | D:3      | Found a hide-covered altar of Uskayaw.
  4106 | D:4      | Identified the amulet "Gathrisob" {RegenMP rPois rF-
                  | Will++}
  5195 | D:4      | Gained mutation: You are covered in thick fur. (AC +2)
                  | [Felid growth]
  5195 | D:4      | Reached XP level 6. HP: 24/24 MP: 8/13
  5275 | D:5      | Entered Level 5 of the Dungeon
  5554 | D:4      | Found an opulent altar of Gozag.
  5560 | D:4      | Became a worshipper of Gozag Ym Sagoz the Greedy
  5685 | D:4      | Learned a level 4 spell: Summon Lightning Spire
  5720 | D:5      | Noticed an ice beast
  5764 | D:5      | Killed an ice beast
  5955 | D:5      | Reached skill level 6 in Summonings
  5973 | D:5      | Reached skill level 5 in Hexes
  6166 | D:5      | Found Eleuretru's General Store.
  6313 | D:5      | Found a runed translucent door.
  6314 | D:5      | Noticed Crazy Yiuf
  6569 | D:6      | Reached XP level 7. HP: 27/27 MP: 9/14
  7437 | D:6      | Noticed a vampire
  7786 | D:7      | Reached skill level 7 in Summonings
  8150 | D:7      | Found a staircase to the Ecumenical Temple.
  8188 | D:7      | Reached skill level 1 in Air Magic
  8213 | D:7      | Engulfed by their own flame
  8214 | D:7      | Reached XP level 6. HP: -9/22 MP: 3/13
  8549 | D:7      | Killed an ice beast
  8550 | D:7      | Reached XP level 7. HP: 27/27 MP: 8/14
  8711 | D:7      | Reached skill level 8 in Summonings
  8856 | D:7      | HP: 1/27 [centaur/arrow (10)]
  8860 | D:7      | Shot with an arrow by a centaur
  8861 | D:7      | Reached XP level 6. HP: -10/24 MP: 12/13
  8944 | D:7      | Shot with an arrow by a centaur

Illustrated notes

Levels and vault maps discovered:
D:1:      ncdulo_smallfort, layout_rooms, shapermc_ecumenical_altar_rom_forum
D:2:      layout_basic, uniq_natasha, uniq_sigmund
D:3:      layout_basic, mainiacjoe_overflow_concentric_impassable
D:4:      layout_loops_ring, lemuel_crystal_altar
D:5:      layout_rooms, serial_shops, shop, amcnicky_mini_rare_corridor_liquid,
          uniq_crazy_yiuf_cottage
D:6:      layout_basic
D:7:      layout_loops_ring, minmay_temple_entry_statues_fountains

Skill      XL: |  1  2  3  4  5  6  7 |
---------------+----------------------+-----
Spellcasting   | 3 4 |  4.1
Summonings     | 5 6 8 |  8.0
Hexes          | 1 2 5 |  5.0
Air Magic      | 2 1 |  2.5
Dodging        | |  2.7
Stealth        | |  2.7

Action                   |  1- 3 |  4- 6 |  7- 9 || total
-------------------------+-------+-------+-------++-------
Melee: Unarmed           |     3 |     8 |     5 ||    16
       Bite              |       |       |     1 ||     1
 Cast: Summon Small Mamm |    84 |    97 |    20 ||   201
       Call Canine Famil |       |    23 |    20 ||    43
       Summon Guardian G |       |     6 |     7 ||    13
  Use: Scroll            |     2 |     3 |       ||     5
 Stab: Distracted        |       |     1 |       ||     1
Armor: Skin              |     2 |     3 |     4 ||     9
Dodge: Dodged            |    21 |    39 |    30 ||    90

Table legend: (Time is in decaauts)
 A = Elapsed time spent in this place.
 B = Non-inter-level travel time spent in this place.
 C = Inter-level travel time spent in this place.
 D = Time resting spent in this place.
 E = Time spent auto-exploring this place.
 F = Levels seen in this place.
 G = Mean time per level.
                   A        B        C        D        E       F      G
               +--------+--------+--------+--------+--------+-----+--------+
         Total |   7907 |   7582 |    325 |   1328 |   3823 |   7 | 1129.6 |
       Dungeon |   7907 |   7582 |    325 |   1328 |   3823 |   7 | 1129.6 |
               +--------+--------+--------+--------+--------+-----+--------+

Top non-repeatable levels by time:
     D:3: 1706 daAuts
     D:5: 1372 daAuts
     D:2: 1312 daAuts
     D:7: 1092 daAuts
     D:4: 994 daAuts
     D:1: 803 daAuts
     D:6: 625 daAuts
